 Dungeon Crawl Stone Soup version 0.24-a0-397-g73b976d855 (webtiles) character file.

Game seed: 12683373501826414352

301 theanonym the Ruffian (level 6, -3/47 HPs)
             Began as a Ghoul Artificer on June 4, 2019.
             Slain by an ogre
             ... wielding a +0 giant spiked club
              (24 damage)
             ... on level 4 of the Dungeon.
             The game lasted 00:04:01 (3369 turns).

theanonym the Ruffian (Ghoul Artificer)             Turns: 3369, Time: 00:04:02

Health: -3/47      AC:  8    Str: 18    XL:     6   Next: 37%
Magic:  7/7        EV:  4    Int:  6    God:
Gold:   218        SH:  7    Dex:  9    Spells: 5/5 levels left

rFire    + . .     SeeInvis .     - Unarmed
rCold    . . .     Gourm    .   m - +0 shield
rNeg     + + +     Faith    .   o - +0 chain mail
rPois    ∞         Spirit   .   (no helmet)
rElec    .         Reflect  .   (no cloak)
rCorr    .         Harm     .   (no gloves)
MR       .....                  (no boots)
Stlth    ..........             (no amulet)
HPRegen  0.00/turn              y - ring of fire
MPRegen  0.10/turn              (no ring)

@: rotting
A: rotting body, claws 1, carnivore, cold resistance 1, negative energy
resistance 3, inhibited regeneration, torment resistance, unbreathing
a: no special abilities


Innate Abilities, Weirdness & Mutations

Your body is rotting away.
You thrive on raw meat.
You are immune to poison.
You have sharp fingernails.
You are carnivorous and can eat meat at any time.
Your flesh is cold resistant. (rC+)
You are immune to negative energy. (rN+++)
You do not regenerate when monsters are visible.
You are immune to unholy pain and torment.
You can survive without breathing.


   Skills:
 - Level 1.1 Fighting
   Level 0.8 Short Blades
 - Level 1.7 Dodging
 - Level 1.1 Stealth
 + Level 6.7 Unarmed Combat
 - Level 2.6 Evocations


You had 5 spell levels left.
You didn't know any spells.
Your spell library was empty.

Skill      XL: |  1  2  3  4  5 |
---------------+----------------+-----
Unarmed Combat | 1 2 3 4 6 |  6.7
Fighting       | |  1.1
Short Blades   | |  0.8
Dodging        | |  1.7
Stealth        | |  1.1
Evocations     | |  2.6

Action                   |  1- 3 |  4- 6 || total
-------------------------+-------+-------++-------
Melee: Unarmed           |   145 |   207 ||   352
  Eat: Chunk             |    11 |    11 ||    22
       Ration            |     1 |     2 ||     3
Armor: Leather armour    |     7 |       ||     7
       Ring mail         |    17 |       ||    17
       Chain mail        |    38 |   133 ||   171
Dodge: Dodged            |    48 |    44 ||    92
Block: Shield            |    21 |    71 ||    92

Inventory:

Armour
 b - a +0 leather armour
 i - a +0 ring mail
 m - a +0 shield (worn)
 o - a +0 chain mail (worn)
Jewellery
 y - a ring of fire (left claw)
Wands
 d - a wand of enslavement (15)
 f - a wand of random effects (15)
 v - a wand of iceblast (11)
 w - a wand of flame (15)
Scrolls
 a - 7 scrolls of remove curse {unknown}
 c - 3 scrolls of teleportation {unknown}
 h - a scroll of random uselessness {unknown}
 k - 5 scrolls of fear {unknown}
 l - 2 scrolls of fog {unknown}
 n - a scroll of amnesia {unknown}
 p - 3 scrolls of identify {unknown}
 u - 2 scrolls of magic mapping {unknown}
 A - a scroll of immolation {unknown}
Potions
 g - 2 potions of mutation {unknown}
 j - a potion of haste {unknown}
 q - a potion of invisibility {unknown}
 r - a potion of lignification {unknown}
 s - 2 potions of degeneration {unknown}
 t - 2 potions of resistance {unknown}
 x - a potion of heal wounds {unknown}
 z - a potion of ambrosia {unknown}


You were on level 4 of the Dungeon.
You were not hungry.

You visited 1 branch of the dungeon, and saw 4 of its levels.

You collected 218 gold pieces.

Dungeon Overview and Level Annotations

Branches:
Dungeon (4/15)
 Temple: D:4-7

Altars:
Trog

Annotations:
D:3 3 runed translucent doors, aaksess's ghost, amateur OgGl

######### #.......#
#.......#
#######.......##
###
+.......@O......
....
#......########
#### #......#
#......#####
#.......)..#
#..........#
#......)...#
######.÷...####
#####
#........######....


You could see an ogre.

Notes
Turn   | Place    | Note
-------+----------+-------------------------------------------
     0 | D:1      | theanonym the Ghoul Artificer began the quest for the Orb.
     0 | D:1      | Reached XP level 1. HP: 16/16 MP: 1/1
    57 | D:1      | Reached skill level 1 in Unarmed Combat
   718 | D:1      | Reached XP level 2. HP: 16/23 MP: 3/3
  1007 | D:2      | Reached skill level 2 in Unarmed Combat
  1315 | D:2      | Reached XP level 3. HP: 21/28 MP: 4/4
  1471 | D:2      | Noticed Terence
  1492 | D:2      | Killed Terence
  1492 | D:2      | Reached skill level 3 in Unarmed Combat
  1494 | D:2      | Found a bloodstained altar of Trog.
  1513 | D:2      | HP: 12/28 [adder (4)]
  1531 | D:2      | HP: 14/28 [adder (1)]
  1536 | D:2      | Reached XP level 4. HP: 32/35 MP: 5/5
  1583 | D:2      | Reached skill level 4 in Unarmed Combat
  2196 | D:3      | Found a runed translucent gate.
  2198 | D:3      | Found a runed translucent gate.
  2199 | D:3      | Found a runed translucent gate.
  2217 | D:3      | Noticed aaksess's ghost (amateur OgGl)
  2433 | D:3      | Reached XP level 5. HP: 39/40 MP: 6/6
  2470 | D:3      | Reached skill level 5 in Unarmed Combat
  3039 | D:4      | Reached skill level 6 in Unarmed Combat
  3039 | D:4      | Reached XP level 6. HP: 30/47 MP: 7/7
  3367 | D:4      | HP: 21/47 [ogre/+0 giant spiked club (23)]
  3369 | D:4      | Slain by an ogre

Vanquished Creatures
  3 orc wizards (D:4)
  Terence (D:2)
  A worker ant (D:4)
  3 gnolls (D:4)
  6 adders
  An ooze (D:3)
  A worm (D:2)
  A dart slug (D:2)
  4 leopard geckos
  9 orcs
  2 giant cockroaches
  6 goblins
  4 hobgoblins
  4 jackals (D:3)
  5 kobolds
  A quokka (D:2)
  A ball python (D:1)
  9 bats
  2 frilled lizards
  A leopard gecko skeleton (D:4)
  4 rats
69 creatures vanquished.

Table legend:
 A = Turns spent in this place as a percentage of turns spent in the entire game.
 B = Non-inter-level travel turns spent in this place as a percentage of non-inter-level travel turns spent in the entire game.
 C = Inter-level travel turns spent in this place as a percentage of turns spent in this place.
 D = Turns resting spent in this place as a percentage of non-inter-level travel turns spent in this place.
 E = Turns spent auto-exploring this place as a percentage of non-inter-level travel turns spent in this place.
 F = Non-inter-level travel turns spent in this place divided by the number of levels of this place that you've seen.
                   A       B       C       D       E      F
               +-------+-------+-------+-------+-------+----------------------
         Total | 100.0 | 100.0 |   4.1 |   7.7 |  73.7 | 807.5
       Dungeon | 100.0 | 100.0 |   4.1 |   7.7 |  73.7 | 807.5
               +-------+-------+-------+-------+-------+----------------------
